 Dungeon Crawl Stone Soup version 0.31-a0-188-g5e087ee2ca (webtiles) character file.

Game seed: 13219532281119064561

95 qw the Shooter (level 4, 0/25 HPs)
             Began as a Deep Elf Hunter on June 23, 2023.
             Succumbed to a killer bee's poison
             ... on level 3 of the Dungeon.
             The game lasted 00:00:49 (1891 turns).

qw the Shooter (Deep Elf Hunter)                    Turns: 1891, Time: 00:00:49

Health: 0/25       AC: 15    Str: 10    XL:     4   Next: 39%
Magic:  6/6        EV:  9    Int: 14    God:
Gold:   78         SH:  0    Dex: 18    Spells: 3/3 levels left

rFire   + . .        Y - +0 shortbow
rCold   . . .        (shield currently unavailable)
rNeg    . . .        k - +3 scale mail {rF+}
rPois   .            (no helmet)
rElec   .            (no cloak)
rCorr   .            e - +1 pair of gloves {infuse}
SInv    .            (no boots)
Will    .....        (no amulet)
Stlth   +            j - +4 ring of protection
HPRegen 0.24/turn    (no ring)
MPRegen 0.10/turn

%: infuse magic (1 MP)
@: lethally poisoned (0 -> -5), about to teleport
A: no striking features
a: no special abilities


You were on level 3 of the Dungeon.
You visited 1 branch of the dungeon, and saw 4 of its levels.

You collected 78 gold pieces.


   Skills:
 - Level 1.5 Fighting
 + Level 7.8 Ranged Weapons
 - Level 2.4 Dodging
 - Level 1.2 Stealth


You had 3 spell levels left.
You didn't know any spells.
Your spell library was empty.

Inventory:

Hand Weapons
 Y - a +0 shortbow (weapon)
Armour
 e - a +1 pair of gloves of infusion (worn)
 k - a +3 scale mail of fire resistance (worn)
Jewellery
 j - a +4 ring of protection (left hand)
Scrolls
 a - a scroll of identify
 g - 3 scrolls of teleportation
Potions
 f - a potion of berserk rage {unknown}
 h - a potion of curing
 i - a potion of cancellation
 l - a potion of enlightenment {unknown}

Dungeon Overview and Level Annotations

Branches:
Dungeon (4/15)
 Temple: D:4-7

Altars:
Zin


Message History

You feel very sick.
The killer bee stings you but does no damage. x2
The killer bee closely misses you.
1882 ||| STAIRDANCE You feel sick.
The killer bee stings you but does no damage. x2
You climb upwards.
You feel sick.
There is a stone staircase leading down here.
You shoot an arrow.
The arrow completely misses the killer bee.
You feel sick. The killer bee barely misses you. x2
You shoot an arrow.
The arrow hits the killer bee but does no damage.
You feel sick.
You are no longer poisoned.
The killer bee stings you.
The killer bee stings you but does no damage. x2
You shoot an arrow.
The arrow closely misses the killer bee.
The killer bee barely misses you. The killer bee closely misses you.
The killer bee stings you but does no damage.
You shoot an arrow. The arrow hits the killer bee!
The killer bee is heavily wounded.
The killer bee barely misses you. The killer bee closely misses you.
You shoot an arrow. The arrow barely misses the killer bee.
The killer bee stings you. x2
You are lethally poisoned!
The killer bee poisons you! The killer bee stings you.
1889 ||| READING 4 scrolls of teleportation.
As you read the scroll of teleportation, it crumbles to dust.
You feel strangely unstable.
You feel very sick.
The killer bee stings you but does no damage. x2
You shoot an arrow. The arrow hits the killer bee!
The killer bee is almost dead.
You feel sick.
The killer bee stings you but does no damage. x2
The killer bee closely misses you.
You shoot an arrow. The arrow barely misses the killer bee.
You die...

#####..# #.##...## #..# .....|.#
#.####)# #... ######.## #.# #.#
##.# #..# #.# #.# #.# ##.# #.#
#.# #.# #.# ##.## #.# #..
#.######...# #.############
#######.##.....#.# #.............
.....##.##.###.y@# #######.######
####.##.##.# #.### #............
#.##.##.# #.## #.####.######
#.##.##.###..#####.####.#
####.##.#...#...........##.#
.....##.......#########.##.######
#########^...)# ..... #.##.......
##.#..#.......#..###.....
##.#..#.......#..# #.##.#


You could see a killer bee.

Vanquished Creatures
  Ijyb (D:3)
  An adder (D:3)
  A worm (D:2)
  3 dart slugs
  4 orcs (D:3)
  4 bats
  3 endoplasms
  2 giant cockroaches
  7 goblins
  6 hobgoblins
  6 kobolds
  A quokka (D:2)
  2 frilled lizards (D:2)
  A rat (D:2)
42 creatures vanquished.

Notes
Turn   | Place    | Note
-------+----------+-------------------------------------------
     0 | D:1      | qw the Deep Elf Hunter began the quest for the Orb.
     0 | D:1      | Reached XP level 1. HP: 12/12 MP: 3/3
     0 | D:1      | 0 ||| qw: Version: 0.3-a-9-g12657ce
     0 | D:1      | 0 ||| qw: Game counter: 3230
     0 | D:1      | 0 ||| qw: Always use a shield: true
     0 | D:1      | 0 ||| qw: God list: Okawaru
     0 | D:1      | 0 ||| qw: Allow faded altars: false
     0 | D:1      | 0 ||| qw: Do Orc after D:15 true
     0 | D:1      | 0 ||| qw: Do second Lair branch before Depths: true
     0 | D:1      | 0 ||| qw: Lair rune preference: random
     0 | D:1      | 0 ||| qw: Plans: Normal
     0 | D:1      | 0 ||| PLANNING D:1-11
   130 | D:1      | Reached XP level 2. HP: 16/16 MP: 4/4
   151 | D:1      | Reached skill level 6 in Ranged Weapons
   604 | D:1      | 604 ||| UPGRADING to +4 ring of protection.
   605 | D:1      | 605 ||| READING 2 scrolls labelled RUQAEG TAUBISK.
   606 | D:1      | 606 ||| READING scroll labelled UHAOSS VOG VEWK.
   607 | D:1      | 607 ||| READING 2 scrolls labelled QAMMACLUFA.
   612 | D:1      | 612 ||| DRINKING 2 emerald potions.
   613 | D:1      | 613 ||| DROPPING scroll of butterflies.
   624 | D:2      | Reached XP level 3. HP: 20/20 MP: 5/5
  1026 | D:2      | 1026 ||| UPGRADING to +1 pair of gloves of infusion.
  1031 | D:2      | 1031 ||| READING scroll labelled DUQYEMA JIMUDGH.
  1032 | D:2      | 1032 ||| DRINKING 2 metallic puce potions.
  1033 | D:2      | 1033 ||| DRINKING 2 blue potions.
  1034 | D:2      | 1034 ||| READING 2 scrolls of identify.
  1034 | D:2      | 1034 ||| IDENTIFYING ruby potion
  1035 | D:2      | 1035 ||| DROPPING potion of brilliance.
  1036 | D:2      | 1036 ||| DROPPING potion of attraction.
  1080 | D:3      | Reached skill level 7 in Ranged Weapons
  1187 | D:3      | Noticed Ijyb
  1203 | D:3      | Killed Ijyb
  1204 | D:3      | Reached XP level 4. HP: 22/25 MP: 6/6
  1235 | D:3      | Found a faded altar of an unknown god.
  1386 | D:3      | 1386 ||| Stepping ~*~*~tactically~*~*~ (outnumbered).
  1389 | D:3      | 1389 ||| Stepping ~*~*~tactically~*~*~ (outnumbered).
  1589 | D:3      | Found a glowing silver altar of Zin.
  1738 | D:3      | 1738 ||| UPGRADING to +0 ring mail.
  1748 | D:3      | 1748 ||| DROPPING +0 leather armour.
  1749 | D:3      | 1749 ||| UPGRADING to +3 scale mail of fire resistance.
  1759 | D:3      | 1759 ||| DROPPING +0 ring mail.
  1760 | D:3      | 1760 ||| READING scroll labelled LIN DUANOADGHAQ.
  1761 | D:3      | 1761 ||| READING 2 scrolls of identify.
  1761 | D:3      | 1761 ||| IDENTIFYING metallic cyan potion
  1762 | D:3      | 1762 ||| DROPPING potion of magic.
  1764 | D:3      | 1764 ||| Stepping ~*~*~tactically~*~*~ (cloud).
  1770 | D:3      | HP: 6/25 [poisoned by you (poison gas)]
  1882 | D:4      | 1882 ||| STAIRDANCE
  1888 | D:3      | HP: 6/25 [killer bee (1)]
  1889 | D:3      | 1889 ||| READING 4 scrolls of teleportation.
  1890 | D:3      | HP: 2/25 [poisoned by a killer bee]
  1891 | D:3      | Succumbed to a killer bee's poison

Levels and vault maps discovered:
D:1:      nzn_arrival_crosshair, layout_loops_ring
D:2:      layout_rooms
D:3:      layout_loops_ring, lemuel_tele_altar, basic_ecumenical_altar,
          uniq_ijyb
D:4:      layout_loops_corners, mainiacjoe_overflow_24_doors,
          makhleb_heckhound_becter, nrook_uturn, palyth_stone_intersect

Skill      XL: |  1  2  3 |
---------------+----------+-----
Ranged Weapons | 6 7 |  7.8
Fighting       | |  1.5
Dodging        | |  2.4
Stealth        | |  1.2

Action                     |  1- 3 |  4- 6 || total
---------------------------+-------+-------++-------
   Fire: Shortbow          |   111 |    46 ||   157
    Use: Scroll            |     5 |     3 ||     8
         Potion            |     3 |       ||     3
 Armour: Leather armour    |    17 |     5 ||    22
         Scale mail        |       |    12 ||    12
  Dodge: Dodged            |    29 |    13 ||    42

Table legend:
 A = Non-vault XP
 B = Vault XP
 C = Vault XP percentage of total XP
 D = Non-vault monster count
 E = Vault monster count
 F = Vault count percentage of total count
                 A         B        C        D         E       F
            +---------+---------+-------+---------+---------+-------
      Total |     100 |      36 |  26.5 |      41 |       1 |   2.4
            +---------+---------+-------+---------+---------+-------
        D:1 |      40 |       0 |   0.0 |      19 |       0 |   0.0
        D:2 |      20 |       0 |   0.0 |      10 |       0 |   0.0
        D:3 |      40 |      36 |  47.4 |      12 |       1 |   7.7
            +---------+---------+-------+---------+---------+-------
